 Dungeon Crawl Stone Soup version 0.30-a0-911-g314a488 (webtiles) character file.

Game seed: 14636097566422179358

14 Illumine the Sneak (level 2, -2/15 HPs)
             Began as a Vine Stalker Brigand on Mar 18, 2023.
             Slain by a goblin
             ... wielding a +2 dagger of electrocution
              (15 damage)
             ... on level 1 of the Dungeon.
             The game lasted 00:00:52 (538 turns).

Illumine the Sneak (Vine Stalker Brigand)            Turns: 538, Time: 00:00:53

Health: -2/15      AC:  3    Str: 13    XL:     2   Next: 45%
Magic:  0/3        EV: 11    Int: 11    God:
Gold:   64         SH:  0    Dex: 15    Spells: 1/1 levels left

rFire   . . .      SeeInvis .    a - +2 dagger
rCold   . . .      Faith    .    (no shield)
rNeg    . . .      Spirit   +    b - +0 robe
rPois   .          Reflect  .    (no helmet)
rElec   .          Rampage  .    c - +0 cloak
rCorr   .                        (no gloves)
Will    .....                    (no boots)
Stlth   +++                      (no amulet)
HPRegen 0.22/turn                (no ring)
MPRegen 0.08/turn                (no ring)

@: no status effects
A: fangs 2, magic shield, antimagic bite, no potion heal 2
a: no special abilities


You were on level 1 of the Dungeon.
You visited 1 branch of the dungeon, and saw 1 of its levels.

You collected 64 gold pieces.

Inventory:

Hand Weapons
 a - a +2 dagger (weapon)
 h - a +0 sling
Missiles
 d - 9 poisoned darts (quivered)
 e - 3 curare-tipped darts
Armour
 b - a +0 robe (worn)
 c - a +0 cloak (worn)
Jewellery
 i - an amulet of reflection
Scrolls
 f - a scroll of enchant armour {unknown}
 g - a scroll of identify {unknown}
Potions
 j - a potion of resistance {unknown}


   Skills:
 + Level 2.0 Fighting
 * Level 2.2 Short Blades
 - Level 1.7 Throwing
 + Level 1.0 Dodging
 + Level 5.0 Stealth


You had one spell level left.
You didn't know any spells.
Your spell library was empty.

Dungeon Overview and Level Annotations

Branches:
Dungeon (1/15)

Altars:


Innate Abilities, Weirdness & Mutations

You have extremely sharp teeth.
When hurt, damage is shared between your health and your magic reserves.
Your bite disrupts and absorbs the magic of your enemies.
Potions cannot restore your health.


Message History

j - a metallic pink potion No target in view!
No target in view!
You now have 64 gold pieces (gained 7).
You see here 4 stones.
You see here a rat corpse.
There is an open door here.
There is an open door here.
As you open the door, it creaks loudly!
There is an open door here.
Key pressed, stopping explore.
No target in view!
No target in view!
There is an open door here.
You open the door.
Found 5 stones and 3 boomerangs.
Found 3 stones and a spear.
No target in view!
There is an open door here.
There is an open door here.
There is an open door here.
You open the door.
There is an open door here.
You open the door.
There is an open door here.
A goblin and a ball python come into view.
The goblin is wielding a +2 dagger of electrocution.
The goblin shouts!
The ball python hisses angrily.
You closely miss the ball python. You bite the ball python.
You kill the ball python!
A ball python comes into view.
Found a leather armour.
You closely miss the goblin.
The ball python hisses angrily.
Your bite misses the goblin. The goblin closely misses you.
You hit the goblin but do no damage.
The goblin hits you with a +2 dagger of electrocution.
You are electrocuted!!
Ouch! That really hurt!
You die...

#.#######.#.#
#.###...
##.......##.# ...#
#... #.###'###.#.#
.....###...
#.#.....#.#.#
.............
#.#.....#.#.######
.............
#.+..<..+.#.'.'..#
.............
#.#.....#.#.####.#
.......###...
#.#.....#.#.# #.#
... #...
#.###+###.#.# #@#
.. #...
##.......##.#
#.g....... .....
#.#######.#.#
#......... #####
.#.......#..#
#.S...[...
###########.#
#.........
............#
#.........
#####'#######
#......... ...##.#
#.. +.........
##.##'# #.#


You could see a goblin and a ball python.

Vanquished Creatures
  2 bats (D:1)
  3 endoplasms (D:1)
  A giant cockroach (D:1)
  A goblin (D:1)
  A quokka (D:1)
  A ball python (D:1)
  2 frilled lizards (D:1)
  2 rats (D:1)
13 creatures vanquished.

Notes
Turn   | Place    | Note
-------+----------+-------------------------------------------
     0 | D:1      | Illumine the Vine Stalker Brigand began the quest for the
                  | Orb.
     0 | D:1      | Reached XP level 1. HP: 11/11 MP: 2/2
   148 | D:1      | Reached skill level 1 in Dodging
   148 | D:1      | Reached XP level 2. HP: 15/15 MP: 3/3
   176 | D:1      | Reached skill level 5 in Stealth
   538 | D:1      | Slain by a goblin

Illustrated notes

Levels and vault maps discovered:
D:1:      matt_arrival_los_fun, layout_basic, minmay_misc_feat_x,
          minmay_misc_feat_cross, supply_closet_lemuel, chequers_garden

Skill      XL: |  1  2 |
---------------+-------+-----
Short Blades   | 2 |  2.2
Dodging        | 1 |  1.0
Stealth        | 5 |  5.0
Fighting       | 2 |  2.0
Throwing       | |  1.7

Action                     || total
---------------------------++-------
  Melee: Dagger            ||    31
         Bite              ||     5
   Stab: Sleeping          ||     7
 Armour: Robe              ||    15
  Dodge: Dodged            ||    14

Table legend: (Time is in decaauts)
 A = Elapsed time spent in this place.
 B = Non-inter-level travel time spent in this place.
 C = Inter-level travel time spent in this place.
 D = Time resting spent in this place.
 E = Time spent auto-exploring this place.
 F = Levels seen in this place.
 G = Mean time per level.
                   A        B        C        D        E       F      G
               +--------+--------+--------+--------+--------+-----+--------+
         Total |    534 |    518 |     16 |      0 |    420 |   1 |  534.0 |
       Dungeon |    534 |    518 |     16 |      0 |    420 |   1 |  534.0 |
               +--------+--------+--------+--------+--------+-----+--------+

Top non-repeatable levels by time:
     D:1: 534 daAuts
